 Dungeon Crawl Stone Soup version 0.21-a0-272-g984ae92 (webtiles) character file.

28 tof the Gusty (level 3, 0/26 HPs)
             Began as a Draconian Air Elementalist on Sept 15, 2017.
             Succumbed to an adder's poison
             ... on level 2 of the Dungeon.
             The game lasted 00:03:53 (1490 turns).

tof the Gusty (Draconian Air Elementalist)          Turns: 1490, Time: 00:03:53

Health: 0/26       AC:  5    Str: 10    XL:     3   Next: 0%
Magic:  0/6        EV: 12    Int: 16    God:
Gold:   58         SH:  0    Dex: 11    Spells: 3/6 levels left

rFire    . . .     SeeInvis .   (no weapon)
rCold    . . .     Gourm    .   (no shield)
rNeg     . . .     Faith    .   (armour unavailable)
rPois    .         Spirit   .   (helmet restricted)
rElec    .         Reflect  .   (no cloak)
rCorr    +         Harm     .   (no gloves)
MR       .....                  (no boots)
Stlth    ++........             (no amulet)
HPRegen  0.08/turn              c - ring of resist corrosion
MPRegen  0.10/turn              (no ring)

@: lethally poisoned (0 -> -5), swift, hasted, very quick
A: unfitting armour, cold-blooded, AC +5
a: no special abilities


You were on level 2 of the Dungeon.
You were not hungry.

You visited 1 branch of the dungeon, and saw 2 of its levels.

You collected 58 gold pieces.

Inventory:

Jewellery
 c - a ring of resist corrosion (left hand)
Scrolls
 d - a scroll of identify {unknown}
 e - a scroll of teleportation {unknown}
 h - a scroll of enchant weapon {unknown}
 j - a scroll of magic mapping {unknown}
Books
 a - a book of Air

   Spells                             Type                      Level
   a - Shock                          Conjuration/Air              1
   b - Swiftness                      Charms/Air                   2
   c - Static Discharge               Conjuration/Air              3
   d - Airstrike                      Air                          4
   e - Lightning Bolt                 Conjuration/Air              5
Comestibles
 b - 2 bread rations
 f - 6 chunks of flesh
 i - 2 royal jellies


   Skills:
 + Level 1.9 Dodging
 + Level 2.2 Stealth
 + Level 2.1 Spellcasting
 + Level 1.5 Conjurations
 * Level 3.4 Air Magic


You had 3 spell levels left.
You knew the following spells:

 Your Spells              Type           Power        Failure   Level  Hunger
a - Shock                 Conj/Air       #...         8%          1    #......
b - Swiftness             Chrm/Air       #.......     16%         2    ###....


Dungeon Overview and Level Annotations

Branches:
Dungeon (2/15)

Altars:


Innate Abilities, Weirdness & Mutations

Your plain brown scales are hard. (AC +5)
You cannot fit into any form of body armour.
You are cold-blooded and may be slowed by cold attacks.


Message History

You feel sick. The adder bites you.
* * * LOW HITPOINT WARNING * * *
The adder closely misses you.
It was a potion of haste.
You feel yourself speed up. The adder bites you but does no damage.
* * * LOW HITPOINT WARNING * * *
You feel sick.
* * * LOW HITPOINT WARNING * * *
You feel sick.
* * * LOW HITPOINT WARNING * * *
You feel sick.
There is an open door here.
* * * LOW HITPOINT WARNING * * *
You feel sick.
* * * LOW HITPOINT WARNING * * *
You feel sick.
Casting: Shock
Confirm with . or Enter, or press ? or * to list all spells.
You feel quick.
You die...

#.# #.# ##+## #.#
##...## #.##
##.....## #..##
##.......##
##...####.........#
#.......'.........+
##..<####.....S...#
#.......#.....@.##
#.#####.##.....##
#.# ##.###...## #.#
#.......## #.#
#.......#
#.####.......####
#....>...........
####.#........#####
#...............


You could see an adder.

Vanquished Creatures
  A dart slug (D:2)
  5 giant cockroaches (D:1)
  4 goblins (D:1)
  2 hobgoblins
  A ball python (D:2)
  4 bats
  2 frilled lizards
  4 kobolds (D:1)
  4 rats
27 creatures vanquished.

Vanquished Creatures (others)
  4 toadstools (D:1)
4 creatures vanquished.

Grand Total: 31 creatures vanquished

Notes
Turn   | Place    | Note
-------+----------+-------------------------------------------
     0 | D:1      | tof the Draconian Air Elementalist began the quest for the Orb.
     0 | D:1      | Reached XP level 1. HP: 14/14 MP: 3/3
   548 | D:1      | Reached XP level 2. HP: 17/20 MP: 0/5
  1264 | D:2      | Learned a level 2 spell: Swiftness
  1452 | D:2      | Reached XP level 3. HP: 26/26 MP: 3/6
  1486 | D:2      | HP: 1/26 [poisoned by an adder]
  1490 | D:2      | Succumbed to an adder's poison

Vault maps used:
D:1:      ldierk_walled_garden_2, serial_forest, infiniplex_forest_clump_cross,
          infiniplex_forest_lined_ring, infiniplex_forest_lined_2,
          infiniplex_forest_straight_4, infiniplex_forest_clump_small,
          infiniplex_forest_straight_2, infiniplex_forest_end_1,
          infiniplex_forest_clump_long, minmay_misc_feat_four_crosses
D:2:      minivault_14

Skill      XL: |  1 |
---------------+----+-----
Stealth        | 2 |  2.2
Dodging        | |  1.9
Spellcasting   | |  2.1
Conjurations   | |  1.5
Air Magic      | |  3.4

Action                   || total
-------------------------++-------
Melee: Unarmed           ||    59
       Tailslap          ||     5
 Cast: Shock             ||    52
       Swiftness         ||     2
  Use: Potion            ||     1
  Eat: Chunk             ||     3
Armor: Skin              ||    35
Dodge: Dodged            ||    59

Table legend:
 A = Spawn XP
 B = Non-spawn XP
 C = Spawn XP percentage of total XP
 D = Spawn monster count
 E = Non-spawn monster count
 F = Spawn count percentage of total count
 G = Total turns spent on level
                    A         B        C        D         E        F      G
               +---------+---------+-------+---------+---------+-------+---------
         Total |       0 |      41 |   0.0 |       0 |      27 |   0.0 |  1490
               +---------+---------+-------+---------+---------+-------+---------
           D:1 |       0 |      31 |   0.0 |       0 |      21 |   0.0 |  1227
           D:2 |       0 |      10 |   0.0 |       0 |       6 |   0.0 |   263
               +---------+---------+-------+---------+---------+-------+---------
